 Dungeon Crawl Stone Soup version 0.19-a0-1786-g230130f (webtiles) character file.

30347 4thArraOfDagon the Grappler (level 13, -1/127 HPs)
             Began as a Troll Monk on Oct 3, 2016.
             Was the Champion of the Shining One.
             Slain by an orc warrior
             ... wielding a +0 mace
              (13 damage)
             ... on level 2 of the Orcish Mines.
             The game lasted 00:28:07 (5277 turns).

4thArraOfDagon the Grappler (Troll Monk)            Turns: 5277, Time: 00:28:08

Health: -1/127     AC: 11    Str: 22      XL:     13   Next: 20%
Magic:  17/17      EV: 11    Int:  9 (10) God:    the Shining One [******]
Gold:   1154       SH: 17    Dex: 11 (12) Spells: 3 memorised, 7 levels left

rFire  + . .     SeeInvis .       - Unarmed
rCold  + . .     Gourm    +     B - +2 robe {rC+ rF+}
rNeg   + + +     Faith    .     k - +0 large shield
rPois  .         Spirit   .     t - +2 hat
rElec  .         Dismiss  .     I - +1 cloak
rCorr  .         Reflect  .     (gloves unavailable)
MR     .....     Harm     .     (boots unavailable)
Stlth  +.........               (no amulet)
                                (no ring)
                                n - ring of flight

@: very slightly contaminated, glowing
A: unfitting armour, claws 3, horns 1, deterioration 1, fast metabolism 3,
gourmand, regeneration 1, shaggy fur 1, tough skin 2
a: Divine Shield, Cleansing Flame, Summon Divine Warrior, Brand Weapon With Holy
Wrath, Renounce Religion, Evoke Flight


You were on level 2 of the Orcish Mines.
You worshipped the Shining One.
The Shining One was exalted by your worship.
You were very full.

You visited 2 branches of the dungeon, and saw 17 of its levels.
You also visited: Ice Cave.

You collected 1364 gold pieces.
You spent 210 gold pieces at shops.

Inventory:

Hand Weapons
 d - a +3 falchion of slicing
 L - the +8 long sword of the Priest {slice, *Drain rN+ Int+5 SInv, unknown}
   (You found it on level 9 of the Dungeon)

   It inflicts extra damage upon your enemies.
   It affects your intelligence (+5).
   It protects you from negative energy.
   It lets you see invisible.
   It causes draining when unequipped.
Missiles
 A - 9 large rocks (quivered)
 D - a tomahawk of dispersal
 F - a throwing net
Armour
 a - a +0 robe
 f - a mottled dragon hide
 k - a +0 large shield (worn)
 m - a +2 robe of fire resistance
 t - a +2 hat (worn)
 x - a +2 robe of cold resistance
 B - a +2 robe of resistance (worn)
 I - a +1 cloak (worn)
Magical Staves
 s - a cursed staff of air {unknown}
Jewellery
 n - a ring of flight (left claw)
Wands
 g - a wand of enslavement (14/24)
 p - a wand of flame (16/48)
 u - a wand of flame (34/48)
 v - a wand of paralysis (23/24)
 z - a wand of flame (25/48)
 J - a wand of random effects (30/48)
Scrolls
 e - 3 scrolls of teleportation
 h - a scroll of recharging
 i - 2 scrolls of fog
 j - 4 scrolls of remove curse
 l - 2 scrolls of amnesia
 w - a scroll of blinking
 y - 4 scrolls of enchant armour
 C - a scroll of enchant weapon
Potions
 o - a potion of berserk rage
 G - a potion of haste
 H - 4 potions of degeneration
Comestibles
 b - 7 bread rations
 c - a royal jelly
 q - 7 meat rations
 r - 6 slices of pizza


   Skills:
 + Level 8.1 Fighting
 - Level 7.2 Dodging
 - Level 1.1 Stealth
 * Level 10.0 Shields
 * Level 12.7 Unarmed Combat
 + Level 7.9 Invocations


You had 7 spell levels left.
You knew the following spells:

 Your Spells              Type           Power        Failure   Level  Hunger
a - Magic Dart            Conj           #...         93%         1    ##.....
b - Blink                 Tloc           N/A          99%         2    ###....
c - Repel Missiles        Chrm/Air       #.....       99%         2    ###....


Dungeon Overview and Level Annotations

Branches:
Dungeon (15/15)               Orc (2/2) D:12            Elf (0/3) Orc:2
 Vaults (0/5) D:13
 Temple: D:4-7         Lair: D:8-11      Depths: D:15

Altars:
Elyvilon
Makhleb
Ru
Yredelemnul
The Shining One
Beogh

Shops:
D:5 %   D:8 [   D:14 **[((   Orc:2 %?

Annotations:
Orc:1 Snorg


Innate Abilities, Weirdness & Mutations

You are too large for most types of armour.
You have claws for hands.
Your metabolism is lightning-fast.
You like to eat raw meat.
Your natural rate of healing is unusually fast.
You are covered in fur. (AC +1)
You have very tough skin. (AC +2)
You have a pair of small horns on your head.
Your body sometimes deteriorates upon taking damage.


Message History

Unknown command.
You barely miss the orc warrior. Your headbutt misses the orc warrior.
The orc warrior is heavily wounded.
The orc warrior hits you with a mace.
* * * LOW HITPOINT WARNING * * *
Unknown command.
Unknown command.
You scratch the orc warrior but do no damage.
The orc warrior is heavily wounded.
Unknown command.
You closely miss the orc warrior.
The orc warrior is heavily wounded.
The orc warrior hits you with a mace! The Shining One protects you from harm!
Unknown command.
Unknown command.
You scratch the orc warrior.
The orc warrior is heavily wounded.
The orc warrior hits you with a mace!
You die...

.. #...) . #...# ###
#.. #...# ##.#####..
#...# ##....#...#
#...# .. #........#
...# .. ###......#
#.##. ... ##.#.....#
.# ..# ... #...#@..#
#..# ......# #..#o.)#
#..# ......##
####......# #.o
.......###.#......##
o
...............#).##
...#.
...........#..#.)..##
#..o. #.........
#........# ##.#.
#......... ##...##.##
..# #.. ........#
##.##### #..###.


You could see an orc warrior.

Vanquished Creatures
  Gastronok (D:10)
  Josephine (Orc:1)
  A hydra (D:9)
  2 orc high priests
  A sun demon (Orc:2)
  2 unseen horrors
  Pikel (D:6)
  A necromancer (IceCv)
  2 orc sorcerers (Orc:2)
  4 hill giants
  3 orc knights
  An ugly thing (D:13)
  3 cyclopes
  Joseph (D:9)
  2 ice statues (IceCv)
  Psyche (D:10)
  2 centaur skeletons
  A gargoyle (D:9)
  7 ice devils (IceCv)
  An efreet (D:12)
  A red devil (Orc:2)
  5 trolls
  A two-headed ogre (Orc:2)
  2 dream sheep (D:9)
  2 yaks (D:9)
  Eustachio (D:5)
  A basilisk (D:14)
  A neqoxec (Orc:2)
  A wyvern (D:12)
  5 wraiths (Orc:1)
  6 vampire mosquitoes (D:12)
  A hungry ghost (D:11)
  A steam dragon (D:14)
  2 mottled dragons
  2 wargs (Orc:2)
  35 orc warriors
  A slave (D:6)
  A sky beast (D:7)
  2 phantoms
  8 ice beasts
  7 ogres
  A centaur (D:9)
  A crocodile (shapeshifter) (D:9)
  4 big kobolds
  9 bullfrogs
  A scorpion (D:4)
  5 wights (D:9)
  A howler monkey (D:8)
  4 crimson imps
  A draconian simulacrum (IceCv)
  2 centaur zombies
  3 hounds
  3 jellies
  A gnoll shaman (D:9)
  33 orc priests
  14 orc wizards
  A spriggan simulacrum (IceCv)
  3 worker ants
  2 troll simulacra (IceCv)
  2 centaur simulacra (IceCv)
  A hound zombie (D:6)
  A hound skeleton (D:5)
  9 gnolls
  A howler monkey skeleton (D:8)
  3 naga simulacra (IceCv)
  An ogre simulacrum (IceCv)
  3 adders
  A shadow imp (D:11)
  2 adder skeletons
  3 leopard geckos (D:5)
  102 orcs
  2 giant cockroaches
  A goblin (D:3)
  3 quokkas
  2 bats
  A jackal skeleton (D:5)
  A jackal zombie (D:5)
  7 kobolds
  A leopard gecko skeleton (D:4)
360 creatures vanquished.

Vanquished Creatures (collateral kills)
  Erica (D:9)
  A gargoyle (D:9)
  A hippogriff (D:9)
  A wraith (D:9)
4 creatures vanquished.

Vanquished Creatures (others)
  An orc wizard (D:12)
1 creature vanquished.

Grand Total: 365 creatures vanquished

Notes
Turn   | Place    | Note
-------+----------+-------------------------------------------
     0 | D:1      | 4thArraOfDagon the Troll Monk began the quest for the Orb.
     0 | D:1      | Reached XP level 1. HP: 22/22 MP: 0/0
    56 | D:2      | Found a glowing golden altar of the Shining One.
    59 | D:2      | Became a worshipper of the Shining One
    59 | D:2      | Reached * piety under the Shining One
    59 | D:2      | Reached ** piety under the Shining One
   127 | D:3      | Reached XP level 2. HP: 29/29 MP: 1/1
   140 | D:3      | Reached XP level 3. HP: 36/36 MP: 2/2
   218 | D:4      | Noticed a phantom
   243 | D:4      | Killed a phantom
   243 | D:4      | Reached skill level 4 in Unarmed Combat
   243 | D:4      | Reached skill level 1 in Invocations
   243 | D:4      | Reached XP level 4. HP: 24/45 MP: 2/4
   243 | D:4      | Reached XP level 5. HP: 29/53 MP: 2/5
   290 | D:5      | Entered Level 5 of the Dungeon
   311 | D:5      | Found Durrea's Food Boutique.
   383 | D:5      | Reached skill level 5 in Unarmed Combat
   383 | D:5      | Reached XP level 6. HP: 59/61 MP: 6/6
   441 | D:6      | Noticed a mottled dragon
   465 | D:6      | Killed a mottled dragon
   465 | D:6      | Reached skill level 1 in Shields
   484 | D:5      | Noticed Eustachio
   493 | D:5      | Killed Eustachio
   493 | D:5      | Reached XP level 7. HP: 39/67 MP: 7/7
   636 | D:6      | Noticed Pikel
   668 | D:6      | Killed Pikel
   668 | D:6      | Reached skill level 6 in Unarmed Combat
   668 | D:6      | Reached XP level 8. HP: 50/78 MP: 9/9
   691 | D:6      | Reached *** piety under the Shining One
   817 | D:8      | Found Alimn's Armour Shop.
   878 | D:9      | Noticed a dream sheep
   878 | D:9      | Noticed a dream sheep
   898 | D:9      | Reached skill level 7 in Unarmed Combat
   901 | D:9      | Killed a dream sheep
   909 | D:9      | Killed a dream sheep
   909 | D:9      | Reached XP level 9. HP: 31/85 MP: 10/10
   931 | D:9      | Noticed a three-headed hydra
   936 | D:9      | Killed a one-headed hydra
   936 | D:9      | Reached skill level 5 in Dodging
   936 | D:9      | Reached skill level 5 in Shields
   936 | D:9      | Reached skill level 8 in Unarmed Combat
   940 | D:9      | Reached skill level 5 in Fighting
   981 | D:9      | Found a white marble altar of Elyvilon.
   981 | D:9      | Noticed Joseph
  1005 | D:9      | Killed Joseph
  1263 | D:9      | Reached **** piety under the Shining One
  1315 | D:9      | Found a burning altar of Makhleb.
  1315 | D:9      | Found a basalt altar of Yredelemnul.
  1334 | D:10     | Entered Level 10 of the Dungeon
  1334 | D:10     | Noticed Gastronok
  1336 | D:10     | Adelle: ?ass
  1336 | D:10     | Adelle: ??ass
  1337 | D:10     | beem: I don't have a page labeled ass in my learndb. Did you mean: as, asc, ash, ask, asp, rss, ss, tss.
  1365 | D:10     | Killed Gastronok
  1365 | D:10     | Reached skill level 9 in Unarmed Combat
  1365 | D:10     | Reached skill level 5 in Invocations
  1365 | D:10     | Reached XP level 10. HP: 40/98 MP: 12/12
  1376 | D:10     | Adelle: ??no
  1381 | D:10     | beem: I don't have a page labeled no in my learndb. Did you mean: co, fo, ho, ko, lo, mo, n, na, nao, ne, nh, o.
  1392 | D:10     | Adelle: ??bot
  1394 | D:9      | Noticed Erica
  1394 | D:9      | Noticed a gargoyle
  1395 | D:9      | beem: bot ~ bots[1/3]: Bots that can be pm'd: announcement bots: Henzell (CAO, !), Gretell (CDO, @), Lantell (CUE, $), Rotatell (CBRO, ^), Eksell (CXC, |), Jorgrell (CJR, =); others: Varmin, Cheibriados (%), and Sequell (! ?? & and others)
  1688 | D:10     | Noticed Psyche
  1693 | D:10     | Killed Psyche
  1808 | D:10     | Noticed a hill giant
  1815 | D:10     | Killed a hill giant
  1881 | D:10     | Learned a level 1 spell: Magic Dart
  1884 | D:10     | Learned a level 2 spell: Blink
  1887 | D:10     | Learned a level 2 spell: Repel Missiles
  1891 | D:10     | You fall through a shaft for 3 floors!
  1901 | D:13     | Noticed a red ugly thing
  1921 | D:13     | Killed a red ugly thing
  1955 | D:13     | Found a gate to the Vaults.
  1955 | D:13     | Noticed a vault guard
  1955 | D:13     | Noticed a vault guard
  1955 | D:13     | Noticed a vault guard
  1955 | D:13     | Noticed a vault guard
  1955 | D:13     | Noticed a vault guard
  1956 | D:13     | Noticed a vault guard
  1956 | D:13     | Noticed a vault guard
  1956 | D:13     | Noticed a vault guard
  1986 | D:13     | Noticed a centaur warrior
  1992 | D:13     | Noticed a deep elf mage
  2085 | D:14     | Noticed a hill giant
  2096 | D:14     | Killed a hill giant
  2096 | D:14     | Reached XP level 11. HP: 74/105 MP: 14/14
  2215 | D:15     | Entered Level 15 of the Dungeon
  2215 | D:15     | Noticed a centaur warrior
  2225 | D:14     | Found Faabil's Weapon Emporium.
  2239 | D:14     | Found Meugiac's Antique Weapon Shoppe.
  2254 | D:14     | Found Ruixta Locs's Armour Boutique.
  2290 | D:14     | Found Ruud's Assorted Antiques.
  2296 | D:14     | Bought a scroll labeled QEANUMI RORYNU for 23 gold pieces
  2340 | D:14     | Reached skill level 10 in Unarmed Combat
  2341 | D:14     | Adelle: ??mo
  2344 | D:14     | beem: monk[1/1]: A badass melee fighter who couldn't afford weapons or armour. Starts with a robe, unarmed combat skill, stealth and dodging. Also gets ** piety upon first following a god. For a martial artist type with powers, try a Transmuter.
  2369 | D:14     | Found Liek's Assorted Antiques.
  2377 | D:14     | Bought a runed robe for 19 gold pieces
  2377 | D:14     | Bought a scroll labeled XUCSY AWNOMIP for 28 gold pieces
  2377 | D:14     | Bought a scroll labeled HINLENUIHE for 28 gold pieces
  2377 | D:14     | Bought 2 scrolls labeled SIKIARPH TIQA for 56 gold pieces
  2377 | D:14     | Bought a scroll labeled OJAQED JYLEVAUWK for 28 gold pieces
  2377 | D:14     | Bought a scroll labeled SIKIARPH TIQA for 28 gold pieces
  2518 | D:14     | Noticed a hill giant
  2526 | D:14     | Killed a hill giant
  2551 | D:13     | Reached ***** piety under the Shining One
  2602 | D:12     | Noticed an unseen horror
  2616 | D:12     | Killed an unseen horror
  2647 | D:12     | Found a sacrificial altar of Ru.
  2752 | D:12     | Noticed a hill giant
  2759 | D:12     | Killed a hill giant
  2891 | D:12     | Adelle: Иногда мне кажется, что он тоже русский
  2949 | D:12     | Noticed an orc knight
  2986 | D:12     | Killed an orc knight
  3087 | D:12     | ReniFell: pochemu
  3208 | D:12     | Adelle: Сердцу хочется мечтать
  3299 | D:11     | Reached skill level 11 in Unarmed Combat
  3339 | D:11     | ReniFell: logichno
  3455 | D:11     | Noticed an eight-headed hydra
  3580 | D:9      | Killed Erica
  3580 | D:9      | Reached XP level 12. HP: 84/118 MP: 8/16
  3609 | D:9      | Got a warped long sword
  3719 | D:12     | Found a roughly hewn altar of Beogh.
  3719 | D:12     | Found a staircase to the Orcish Mines.
  3855 | Orc:1    | Entered Level 1 of the Orcish Mines
  3855 | Orc:1    | Noticed Snorg
  3864 | Orc:2    | Entered Level 2 of the Orcish Mines
  3902 | Orc:2    | Found a roughly hewn altar of Beogh.
  3935 | Orc:1    | Found a frozen archway.
  3935 | Orc:1    | Noticed an orc high priest
  4048 | Orc:1    | Killed an orc high priest
  4073 | IceCv    | Entered an ice cave
  4122 | IceCv    | Reached ****** piety under the Shining One
  4310 | IceCv    | Reached skill level 12 in Unarmed Combat
  4409 | Orc:1    | Noticed Josephine
  4414 | Orc:1    | Killed Josephine
  4476 | Orc:2    | Noticed an orc warlord
  4620 | Orc:2    | Found a staircase to the Elven Halls.
  4920 | Orc:2    | Found Ysomoed's Magic Scroll Shop.
  4947 | Orc:2    | Reached XP level 13. HP: 93/127 MP: 17/17
  4982 | Orc:2    | Found Toacar's Food Boutique.
  5060 | Orc:2    | Gained mutation: You have a pair of small horns on your head. [a neqoxec]
  5061 | Orc:2    | Gained mutation: Your body sometimes deteriorates upon taking damage. [a neqoxec]
  5136 | Orc:2    | Reached skill level 10 in Shields
  5195 | Orc:2    | HP: 6/127 [poisoned by an orange demon]
  5201 | Orc:2    | HP: 5/127 [poisoned by an orange demon]
  5208 | Orc:2    | HP: 5/127 [poisoned by an orange demon]
  5213 | Orc:2    | HP: 6/127 [poisoned by an orange demon]
  5250 | Orc:2    | HP: 6/127 [orc warrior/mace (16)]
  5276 | Orc:2    | The Shining One protects you from harm!
  5277 | Orc:2    | Slain by an orc warrior

Vault maps used:
D:1:      dpeg_arrival_rooms_with_view
D:2:      regret_index_temple_of_mockery, bloody_trog,
          nicolae_overflow_hidden_temple, tso_oasis_becter, tgw_xom, uniq_robin
D:3:      serial_bayou_pond_b, uniq_grinder, uniq_sigmund, uniq_iyjb
D:4:      nemelex_xobeh_ov_fountains_minmay, serial_shops,
          nicolae_shop_overgrown_old_shop, first_bread
D:5:      serial_shops, nicolae_shop_temple_entry_statues_fountains,
          uniq_eustachio, uniq_crazy_yiuf_cottage, uniq_menkaure
D:6:      serial_shops, kennysheep_little_box,
          minmay_guarded_unrand_vampires_tooth, uniq_pikel
D:7:      gammafunk_temple_overflow_claw
D:8:      basic_altar, serial_shops, nicolae_shop_waterfront
D:9:      cheibrodos_elevator_heist, gammafunk_temple_overflow_wave,
          lemuel_round_altar, david_lair_shrubbed, hangedman_ranch, uniq_erica,
          uniq_joseph
D:10:     hangedman_abyss_or_decor_clamps, uniq_sonja, uniq_psyche,
          uniq_gastronok
D:12:     david_orc_5, minmay_misc_feat_four_crosses,
          nicolae_ru_sacrificial_ziggurat
D:13:     erik_vaults_2, uniq_kirke
D:14:     serial_shops, shop, nicolae_shop_behind_doors,
          nicolae_shop_statue_plus, nicolae_shop_crystal,
          nicolae_shop_overgrown_old_shop, corner_web_ring,
          corexii_hall_statues_deadend
D:15:     hangedman_slaughterboxes, uniq_rupert
Orc:1:    portal_ice_cave_entry_ice_beasts, uniq_snorg, uniq_josephine
Orc:2:    pf_orc_diabolical, basic_altar
IceCv:    ice_cave_tombish

Skill      XL: |  1  2  3  4  5  6  7  8  9 10 11 12 13 |
---------------+----------------------------------------+-----
Fighting       | 3 4 5 6 7 8 |  8.1
Unarmed Combat | 4 5 6 7 9 11 12 | 12.7
Invocations    | 1 2 3 5 6 7 |  7.9
Dodging        | 3 4 5 6 7 |  7.2
Shields        | 1 3 4 6 7 8 9 10 | 10.0
Stealth        | |  1.1

Action                   |  1- 3 |  4- 6 |  7- 9 | 10-12 | 13-15 || total
-------------------------+-------+-------+-------+-------+-------++-------
Melee: Unarmed           |    44 |    43 |   196 |   752 |   125 ||  1160
       Punch             |     1 |       |       |       |       ||     1
       Falchion          |       |       |     4 |       |       ||     4
       Headbutt          |       |       |       |       |    14 ||    14
Throw: Throwing net      |       |       |     1 |       |       ||     1
Invok: Summon Divine War |       |       |       |     1 |       ||     1
       Cleansing Flame   |       |       |       |       |     2 ||     2
Evoke: Wand              |       |       |       |       |     3 ||     3
  Use: Potion            |       |     2 |     2 |       |     1 ||     5
       Scroll            |       |       |       |    22 |       ||    22
 Stab: Held in net/web   |       |       |     1 |       |       ||     1
  Eat: Chunk             |     7 |       |     6 |    38 |     2 ||    53
       Beef jerky        |       |       |     1 |       |       ||     1
       Pizza             |       |       |     1 |     1 |       ||     2
Armor: Robe              |    22 |    13 |    29 |   133 |    18 ||   215
Dodge: Dodged            |    34 |     5 |    33 |   171 |    34 ||   277
Block: Large shield      |       |    16 |    95 |   573 |    95 ||   779
